 Dungeon Crawl Stone Soup version 0.25.0-11-g1f837a76a1 (webtiles) character file.

Game seed: 2946239471327952257

630 Flugkiller the Slasher (level 7, -2/64 HPs)
             Began as a Deep Elf Chaos Knight on June 25, 2020.
             Was a Plaything of Xom.
             Slain by a human zombie (3 damage)
             ... in an ossuary.
             The game lasted 00:05:21 (4803 turns).

Flugkiller the Slasher (Deep Elf Chaos Knight)      Turns: 4803, Time: 00:05:22

Health: -2/64      AC: 23    Str:  9    XL:     7   Next: 24%
Magic:  9/9        EV:  2    Int: 17    God:    Xom [..*...]
Gold:   303        SH:  0    Dex: 16    Spells: 6/6 levels left

rFire    + . .     SeeInvis .   d - +1 falchion (flame)
rCold    . . .     Gourm    .   (no shield)
rNeg     + + +     Faith    .   (armour currently unavailable)
rPois    +         Spirit   .   (helmet currently unavailable)
rElec    .         Reflect  .   (cloak currently unavailable)
rCorr    .         Harm     .   (gloves currently unavailable)
MR       .....     NoTele   +   (boots currently unavailable)
Stlth    +.........             (no amulet)
HPRegen  0.20/turn              j - ring of protection from fire
MPRegen  0.11/turn              f - ring of positive energy

@: tree-form, marked, berserk cooldown, slowed, very slow
A: no striking features
a: Renounce Religion


You were in an ossuary.
You worshipped Xom.
You were a toy of Xom.
You were hungry.
You were a tree.
You visited 1 branch of the dungeon, and saw 5 of its levels.
You also visited: Ossuary.

You collected 303 gold pieces.

Inventory:

Hand Weapons
 a - a +0 falchion of chaos
 d - a +1 falchion of flaming (weapon)
   (You took it off an orc on level 3 of the Dungeon)
Armour
 b - a +3 leather armour
 h - a +0 pair of boots (melded)
   (You found it on level 3 of the Dungeon)
 q - a +2 leather armour of poison resistance (melded)
   (You took it off an orc on level 5 of the Dungeon)
Jewellery
 f - a ring of positive energy (right branch)
   (You found it on level 1 of the Dungeon)
 j - a ring of protection from fire (left branch)
   (You found it on level 1 of the Dungeon)
Wands
 m - a wand of clouds (3)
   (You found it on level 2 of the Dungeon)
Scrolls
 e - a scroll of enchant weapon
 l - 2 scrolls of identify
 p - a scroll of fear
 r - a scroll of teleportation
Potions
 g - a potion of lignification
 n - a potion of might
 o - a potion of resistance
Comestibles
 c - 11 rations


   Skills:
 + Level 4.0 Fighting
 * Level 5.7 Long Blades
 - Level 0.7 Armour
 + Level 5.2 Dodging


You had 6 spell levels left.
You didn't know any spells.
Your spell library was empty.

Dungeon Overview and Level Annotations

Branches:
Dungeon (5/15)            Ossuary (1/1)
 Temple: D:4-7

Altars:
Ashenzari
Cheibriados
Elyvilon
Fedhas
Kikubaaqudgha
Makhleb
Nemelex Xobeh
Qazlal
Sif Muna
Zin


Message History

You are exhausted.
You feel yourself slow down. The goblin zombie closely misses you.
Really quaff the potion of lignification?
You turn into a tree.
Your +0 pair of boots melds into your body.
Your +2 leather armour of poison resistance melds into your body.
You no longer feel resistant to poison.
Your roots penetrate the ground.
The goblin zombie hits you but does no damage.
Unknown command.
Okay, then.
Okay, then.
Unknown command.
Okay, then.
You hit the goblin zombie. You burn the goblin zombie.
The goblin zombie is severely damaged.
The goblin zombie barely misses you.
The human zombie hits you but does no damage. x2
Unknown command.
You hit the goblin zombie. You burn the goblin zombie.
You destroy the goblin zombie!
The human zombie hits you but does no damage. x2
Unknown command.
You hit the mummy. You burn the mummy.
The mummy is moderately damaged.
The human zombie hits you but does no damage.
The human zombie hits you.
* * * LOW HITPOINT WARNING * * *
The mummy hits you!
You die... "That's my toy, go get your own!"
Xom revives you!
You hit the mummy. You burn the mummy.
The mummy is heavily damaged.
The human zombie hits you but does no damage. x3
The mummy hits you.
* * * LOW HITPOINT WARNING * * *
You hit the mummy. You burn the mummy.
The mummy is almost destroyed.
The human zombie hits you.
* * * LOW HITPOINT WARNING * * *
The human zombie hits you but does no damage. x2
The mummy hits you.
* * * LOW HITPOINT WARNING * * *
You barely miss the mummy.
The mummy is almost destroyed.
The hobgoblin zombie hits you but does no damage.
The human zombie hits you.
You die...
Xom chortles!

##################
.Z....∩∩.........#
.......Z.........#
##############.Z.#
# .Z#...#,, #ZM♣#
#,,.#...##**,#.ZZ#
####'....,,, #..Z#
#.....∩.# *#...#
#.......# ,, #...#
#.......#,, #...#
#.......####.#...#
#.........ZZZ#...#
#.####..####Z#...#


You could see a mummy, an adder zombie, a hobgoblin zombie, an orc zombie and 2
human zombies.

Vanquished Creatures
  Menkaure (D:5)
  An elf zombie (Ossuary)
  A scorpion (D:4)
  A crimson imp (D:2)
  A centaur zombie (Ossuary)
  An orc priest (D:4)
  An orc wizard (D:5)
  2 mummies
  A howler monkey zombie (D:5)
  7 adders
  3 gnolls
  An ooze (D:4)
  2 adder zombies (Ossuary)
  A worm (D:2)
  2 dart slugs
  3 leopard geckos (D:1)
  14 orcs
  5 giant cockroaches
  5 goblins
  4 hobgoblins
  3 jackals (D:3)
  8 kobolds
  A quokka (D:3)
  2 ball pythons (D:2)
  6 bats
  8 frilled lizards
  A goblin zombie (Ossuary)
  5 hobgoblin zombies (Ossuary)
  A jackal zombie (Ossuary)
  8 kobold zombies (Ossuary)
  A leopard gecko skeleton (D:4)
  10 orc zombies (Ossuary)
  13 rats
  A rat zombie (Ossuary)
125 creatures vanquished.

Vanquished Creatures (collateral kills)
  An orc zombie (Ossuary)
1 creature vanquished.

Vanquished Creatures (others)
  2 orc wizards (D:4)
  A worker ant (D:4)
3 creatures vanquished.

Grand Total: 129 creatures vanquished

Notes
Turn   | Place    | Note
-------+----------+-------------------------------------------
     0 | D:1      | Flugkiller the Deep Elf Chaos Knight began the quest for
                  | the Orb.
     0 | D:1      | Reached XP level 1. HP: 13/13 MP: 3/3
   211 | D:1      | XOM: silly message
   274 | D:1      | XOM: silly message
   403 | D:1      | XOM: potion effect (might)
   405 | D:1      | XOM: silly message
   407 | D:1      | Reached XP level 2. HP: 18/18 MP: 4/4
   703 | D:1      | XOM: noise
  1283 | D:2      | Reached XP level 3. HP: 20/22 MP: 5/5
  1323 | D:2      | XOM: silly message
  1339 | D:2      | Reached XP level 4. HP: 27/27 MP: 6/6
  1719 | D:2      | You fall into a shaft and drop 1 floor!
  1719 | D:3      | Found an ancient bone altar of Kikubaaqudgha.
  1850 | D:3      | Found a blossoming altar of Fedhas.
  2001 | D:2      | XOM: noise
  2014 | D:2      | Reached XP level 5. HP: 17/32 MP: 7/7
  2205 | D:2      | Found a faded altar of an unknown god.
  2336 | D:2      | XOM: divination: detect items
  2431 | D:3      | XOM: noise
  2595 | D:3      | Found a stormy altar of Qazlal.
  2713 | D:3      | XOM: smoke on damage
  2739 | D:3      | XOM: silly message
  3389 | D:4      | XOM: divine lightning
  3575 | D:4      | Reached XP level 6. HP: 35/37 MP: 8/8
  3625 | D:4      | Noticed a shapeshifter
  3625 | D:4      | an orc wizard changed into a shapeshifter
  3625 | D:4      | XOM: polymorph orc wizard -> shapeshifter
  3625 | D:4      | Noticed a guardian serpent
  3625 | D:4      | a shapeshifter changed into a guardian serpent
  3713 | D:4      | XOM is BORED!
  3713 | D:4      | XOM: summons 4 hostile demons
  3714 | D:4      | Noticed a hellwing
  3714 | D:4      | Noticed an orange demon
  3725 | D:4      | HP: 1/37 [white imp/puff of frost[Xom] (7)]
  4045 | D:5      | Entered Level 5 of the Dungeon
  4160 | D:5      | Found a sparkling altar of Nemelex Xobeh.
  4161 | D:5      | Found a burning altar of Makhleb.
  4162 | D:5      | Found a glowing silver altar of Zin.
  4163 | D:5      | Found a white marble altar of Elyvilon.
  4164 | D:5      | Found a shimmering blue altar of Sif Muna.
  4164 | D:5      | Found a snail-covered altar of Cheibriados.
  4165 | D:5      | Found a shattered altar of Ashenzari.
  4194 | D:5      | XOM: divination: magic mapping
  4253 | D:5      | Noticed Menkaure
  4258 | D:5      | XOM: confuse monster(s)
  4260 | D:5      | Reached skill level 5 in Long Blades
  4274 | D:5      | Killed Menkaure
  4301 | D:5      | Found a sand-covered staircase.
  4304 | D:5      | XOM: butterfly on damage
  4312 | Ossuary  | Entered an ossuary
  4328 | Ossuary  | XOM: 1-stop teleportation journey
  4721 | Ossuary  | Reached skill level 5 in Dodging
  4721 | Ossuary  | Reached XP level 7. HP: 11/42 MP: 9/9
  4736 | Ossuary  | XOM: enchant monster (bad)
  4748 | Ossuary  | XOM: divination: magic mapping
  4767 | Ossuary  | XOM: summons friendly shadow imp
  4775 | Ossuary  | XOM: noise
  4788 | Ossuary  | HP: 3/63 [orc zombie (3)]
  4791 | Ossuary  | HP: 1/63 [orc zombie (3)]
  4800 | Ossuary  | HP: 1/64 [human zombie (2)]
  4800 | Ossuary  | Xom revived you
  4803 | Ossuary  | Slain by a human zombie

Illustrated notes

Levels and vault maps discovered:
D:1:      psy_arrival_conway, layout_loops_corners
D:2:      layout_rooms, chequers_ecumenical_altar_simple_redux,
          minmay_tetromino_s2
D:3:      layout_loops_ring, nicolae_overflow_crystal_walls,
          overflow_temple_1_default, portal_sewer_entry_b, first_ration,
          fedhas_ov_isle_minmay
D:4:      layout_basic
D:5:      layout_cave_pods, grunt_temple_overflow_open,
          gup_ossuary_entry_pyramid, uniq_menkaure
Ossuary:  ossuary_tomb_1

Skill      XL: |  1  2  3  4  5  6  7 |
---------------+----------------------+-----
Long Blades    | 3 4 5 |  5.7
Dodging        | 3 4 5 |  5.2
Fighting       | 3 4 |  4.0
Armour         | |  0.7

Action                   |  1- 3 |  4- 6 |  7- 9 || total
-------------------------+-------+-------+-------++-------
Melee: Falchion          |    49 |   282 |    27 ||   358
  Use: Scroll            |       |    15 |       ||    15
       Potion            |       |     1 |     2 ||     3
 Stab: Confused          |       |     2 |       ||     2
  Eat: Chunk             |     1 |    11 |       ||    12
Armor: Leather armour    |    15 |    90 |    10 ||   115
       Skin              |       |       |    12 ||    12
Dodge: Dodged            |    33 |   241 |    20 ||   294
       Rpst.: Falchion   |     6 |    61 |     7 ||    74
